 Dungeon Crawl Stone Soup version 0.28-a0-773-g130ae17fe5 (webtiles) character file.

Game seed: 1586324749407605759

901 ders the Digger (level 8, -1/41 HPs)
             Began as a Gargoyle Earth Elementalist on Nov 1, 2021.
             Was a Priest of Sif Muna.
             Slain by an ogre (25 damage)
             ... on level 5 of the Dungeon.
             The game lasted 00:21:23 (6331 turns).

ders the Digger (Gargoyle Earth Elementalist)       Turns: 6331, Time: 00:21:23

Health: -1/41      AC: 10    Str: 13    XL:     8   Next: 7%
Magic:  15/15      EV: 12    Int: 17    God:    Sif Muna [***...]
Gold:   254        SH:  0    Dex: 12    Spells: 8/16 levels left

rFire   . . .      SeeInvis +   f - +3 dagger (venom)
rCold   . . .      Faith    .   (no shield)
rNeg    + + .      Spirit   .   a - +0 robe
rPois   ∞          Reflect  .   i - +0 helmet
rElec   +          Harm     .   o - +0 cloak
rCorr   .          Rampage  .   (no gloves)
Will    .....                   j - +0 pair of boots
Stlth   ++........              (no amulet)
HPRegen 0.13/turn               b - ring of flight
MPRegen 0.14/turn               l - ring of positive energy

@: flying
A: sickness immunity, AC +5, negative energy resistance 1, electricity
resistance, torment resistance 1, petrification resistance, see invisible, agile
1, noise suppression
a: Renounce Religion, Channel Magic, Forget Spell


You were on level 5 of the Dungeon.
You worshipped Sif Muna.
Sif Muna was most pleased with you.
You visited 1 branch of the dungeon, and saw 5 of its levels.
You also visited: Sewer.

You collected 254 gold pieces.

Inventory:

Hand Weapons
 f - a +3 dagger of venom (weapon)
Missiles
 d - 57 stones
 p - 3 throwing nets (quivered)
Armour
 a - a +0 robe (worn)
 i - a +0 helmet (worn)
 j - a +0 pair of boots (worn)
 o - a +0 cloak (worn)
Jewellery
 b - a ring of flight (left hand)
 l - a ring of positive energy (right hand)
Wands
 c - a wand of polymorph (9)
Scrolls
 m - 2 scrolls of torment
 r - 2 scrolls of identify
 s - 4 scrolls of enchant armour
 t - a scroll of immolation
Potions
 e - 2 potions of flight
 g - a potion of magic
 h - 3 potions of mutation
 n - a potion of degeneration {unknown}
 q - a potion of invisibility {unknown}
 u - a potion of ambrosia {unknown}


   Skills:
 - Level 1.6 Dodging
 - Level 3.5 Stealth
 * Level 4.7 Spellcasting
 * Level 4.4 Conjurations
 + Level 0.1 Hexes
 - Level 1.4 Transmutations
 * Level 6.7 Earth Magic
 + Level 2.4 Invocations


You had 8 spell levels left.
You knew the following spells:

 Your Spells              Type           Power      Damage    Failure   Level
a - Sandblast             Erth           52%        2d12      1%          1
b - Stone Arrow           Conj/Erth      46%        3d9       4%          3
c - Leda's Liquefaction   Hex/Erth       7%         N/A       34%         4

Your spell library contained the following spells:

 Spells                   Type           Power      Damage    Failure   Level
 Passwall                 Tmut/Erth      14%        N/A       4%          2
 Sting                    Tmut/Pois      24%        1d4       11%         1
 Poisonous Vapours        Pois/Air       8%         N/A       22%         2
 Petrify                  Tmut/Erth      17%        N/A       26%         4
 Call Canine Familiar     Summ           4%         N/A       41%         3
 Portal Projectile        Hex/Tloc       8%         N/A       41%         3
 Olgreb's Toxic Radiance  Pois           4%         N/A       82%         4


Dungeon Overview and Level Annotations

Branches:
Dungeon (5/15)             Temple (0/1) D:4           Sewer (visited)

Altars:
Gozag
Ru
Sif Muna
Uskayaw
Wu Jian


Innate Abilities, Weirdness & Mutations

You are immune to sickness and miasma.
Your stone body is resilient. (AC +5)
You are immune to poison.
You resist negative energy. (rN+)
You are resistant to electric shocks. (rElec)
You are resistant to unholy torment.
You are immune to petrification.
You have supernaturally acute eyesight. (SInv)
You are agile. (Dex +2)
You passively dampen the noise of your surroundings.


Message History

Sif Muna accepts your kill.
No target in view!
No target in view!
No target in view!
No target in view!
No target in view!
No target in view!
No target in view!
You now have 233 gold pieces (gained 11).
You now have 254 gold pieces (gained 21).
You hear the rapid hiss of a very distant avalanche of sand.
You see here 13 arrows.
Things that are here:
a +0 war axe; a +0 scale mail
Things that are here:
a +0 club; a +0 antimagic flail; a +0 leather armour A scorpion comes into view.
A scorpion is nearby!
An ogre comes into view. It is wielding a +0 giant club.
Found 9 gold pieces.
Found a wand of polymorph (10).
The ogre shouts!
The ogre misses you.
You hit the ogre.
The ogre is moderately wounded.
You hit the ogre.
The ogre is poisoned.
The ogre is moderately wounded.
The ogre hits you with a +0 giant club!
You hit the ogre.
The ogre is heavily wounded.
The scorpion stings you but does no damage.
The ogre hits you with a +0 giant club!
You are too injured to fight recklessly!
You are too injured to fight recklessly!
You are too injured to fight recklessly!
Unknown command.
You feel better. The scorpion misses you.
The ogre hits you with a +0 giant club!!
Ouch! That really hurt!
You die...

........# #.....#.#...
........######.###.#.####
.........................
$.......######.####......
........# #...........
........# ######......
........###### #......
.......s.....# #......
#.######@../.# ####### #
#.O...# ......# .##.####
.. .# .. .# ... .# ... .#


You could see an ogre (very poisoned) and a scorpion.

Vanquished Creatures
  A kobold brigand (Sewer)
  2 scorpions
  2 water moccasin skeletons (D:4)
  4 hounds
  An orc priest (D:5)
  A centaur skeleton (D:5)
  A jelly (D:5)
  An iguana (D:4)
  2 orc wizards
  A hound skeleton (D:4)
  Robin (D:3)
  10 gnolls
  5 adders
  A shadow imp (D:3)
  An adder skeleton (D:4)
  A worm (D:3)
  6 dart slugs
  9 orcs
  9 ball pythons
  9 bats
  13 endoplasms
  5 giant cockroaches
  17 goblins
  9 hobgoblins
  3 jackals
  8 quokkas
  3 frilled lizards
  22 kobolds
  12 rats
160 creatures vanquished.

Vanquished Creatures (others)
  A fungus (Sewer)
  7 plants (Sewer)
8 creatures vanquished.

Grand Total: 168 creatures vanquished

Notes
Turn   | Place    | Note
-------+----------+-------------------------------------------
     0 | D:1      | ders the Gargoyle Earth Elementalist began the quest for
                  | the Orb.
     0 | D:1      | Reached XP level 1. HP: 10/10 MP: 3/3
   182 | D:1      | Reached skill level 1 in Transmutations
   216 | D:1      | Reached XP level 2. HP: 15/15 MP: 3/5
   528 | D:1      | Reached skill level 4 in Earth Magic
   677 | D:1      | Reached XP level 3. HP: 19/19 MP: 4/6
   710 | D:1      | Learned a level 3 spell: Stone Arrow
   949 | D:1      | Found a faded altar of an unknown god.
  1482 | D:2      | Found a shimmering blue altar of Sif Muna.
  1491 | D:2      | Became a worshipper of Sif Muna the Loreminder
  1643 | D:2      | Reached XP level 4. HP: 22/24 MP: 8/8
  1729 | D:2      | Reached skill level 1 in Conjurations
  2206 | D:3      | Found a glowing drain.
  2222 | D:3      | Reached * piety under Sif Muna
  2228 | Sewer    | Entered a sewer
  2336 | Sewer    | Reached XP level 5. HP: 28/28 MP: 0/9
  2487 | Sewer    | Noticed a kobold brigand
  2527 | Sewer    | Killed a kobold brigand
  2943 | Sewer    | Reached skill level 5 in Earth Magic
  3200 | D:3      | Reached ** piety under Sif Muna
  3201 | D:3      | Reached XP level 6. HP: 18/32 MP: 7/11
  3712 | D:3      | Found a hide-covered altar of Uskayaw.
  3757 | D:3      | Noticed Robin
  3768 | D:3      | Gained mutation: You are weak. (Str -2) [potion of
                  | mutation]
  3768 | D:3      | Gained mutation: You are dopey. (Int -2) [potion of
                  | mutation]
  3768 | D:3      | Gained mutation: You are agile. (Dex +2) [potion of
                  | mutation]
  3768 | D:3      | Gained mutation: You passively dampen the noise of your
                  | surroundings. [potion of mutation]
  3769 | D:3      | Lost mutation: You are weak. (Str -2) [potion of mutation]
  3769 | D:3      | Lost mutation: You are dopey. (Int -2) [potion of mutation]
  3769 | D:3      | Gained mutation: You have supernaturally acute eyesight.
                  | (SInv) [potion of mutation]
  4344 | D:3      | Found a sacrificial altar of Ru.
  4455 | D:3      | Killed Robin
  4604 | D:4      | Reached *** piety under Sif Muna
  4608 | D:4      | Found a staircase to the Ecumenical Temple.
  4613 | D:4      | Reached skill level 1 in Invocations
  4621 | D:4      | Reached XP level 7. HP: 36/36 MP: 3/12
  5136 | D:4      | Reached skill level 6 in Earth Magic
  5437 | D:4      | Found an opulent altar of Gozag.
  5687 | D:5      | Entered Level 5 of the Dungeon
  5687 | D:5      | Found an ornate altar of the Wu Jian Council.
  6030 | D:5      | Reached XP level 8. HP: 41/41 MP: 7/14
  6193 | D:5      | Learned a level 4 spell: Leda's Liquefaction
  6331 | D:5      | Slain by an ogre

Illustrated notes

Levels and vault maps discovered:
D:1:      lightli_arrival_farm, layout_loops_corners,
          shapermc_ecumenical_altar_mp_ritualfount, minmay_misc_feat_rugged
D:2:      layout_basic, basic_altar, minmay_pentomino_pile
D:3:      layout_loops_ring, mainiacjoe_overflow_catwalk,
          nicolae_ru_path_of_blood, gup_sewer_entry_pipe,
          kennysheep_generic_room_5, uniq_robin
D:4:      layout_cave_pools, nicolae_gozag_cash_rules_everything_around_me,
          minmay_temple_entry_waves
D:5:      layout_basic, mainiacjoe_overflow_boulevard,
          nicolae_ossuary_entry_ruins, nicolae_elemental_shop

Skill      XL: |  1  2  3  4  5  6  7 |
---------------+----------------------+-----
Transmutations | 1 |  1.4
Earth Magic    | 4 5 6 |  6.7
Conjurations   | 1 2 3 4 |  4.4
Spellcasting   | 3 4 |  4.7
Stealth        | 3 |  3.5
Invocations    | 1 2 |  2.4
Dodging        | |  1.6
Hexes          | |  0.1

Action                   |  1- 3 |  4- 6 |  7- 9 || total
-------------------------+-------+-------+-------++-------
Melee: Unarmed           |     8 |       |       ||     8
       Dagger            |    15 |   124 |    65 ||   204
 Cast: Sandblast         |    44 |    85 |       ||   129
       Stone Arrow       |       |     8 |    18 ||    26
Invok: Channel Magic     |       |       |     1 ||     1
  Use: Scroll            |       |     6 |     3 ||     9
       Potion            |       |    11 |     1 ||    12
 Stab: Sleeping          |     6 |     1 |     6 ||    13
Armor: Robe              |     8 |    82 |    28 ||   118
Dodge: Dodged            |    23 |   131 |    44 ||   198

Table legend: (Time is in decaauts)
 A = Elapsed time spent in this place.
 B = Non-inter-level travel time spent in this place.
 C = Inter-level travel time spent in this place.
 D = Time resting spent in this place.
 E = Time spent auto-exploring this place.
 F = Levels seen in this place.
 G = Mean time per level.
                   A        B        C        D        E       F      G
               +--------+--------+--------+--------+--------+-----+--------+
         Total |   6313 |   6078 |    235 |   2275 |   2427 |   6 | 1052.2 |
       Dungeon |   5514 |   5279 |    235 |   1894 |   2248 |   5 | 1102.8 |
         Sewer |    798 |    798 |      0 |    381 |    179 |   1 |  798.0 |
               +--------+--------+--------+--------+--------+-----+--------+

Top non-repeatable levels by time:
     D:3: 1897 daAuts
     D:1: 1362 daAuts
     D:4: 922 daAuts
   Sewer: 798 daAuts
     D:2: 689 daAuts
     D:5: 643 daAuts
